 Dungeon Crawl Stone Soup version 0.29.1-12-g30fa7ad0bf (webtiles) character file.

Game seed: 8099715608038726603

148 nachturnus the Slasher (level 5, -4/41 HPs)
             Began as a Human Gladiator on Jan 4, 2023.
             Slain by an orc warrior
             ... wielding a +0 long sword
              (14 damage)
             ... on level 3 of the Dungeon.
             The game lasted 00:09:08 (3194 turns).

nachturnus the Slasher (Human Gladiator)            Turns: 3194, Time: 00:09:08

Health: -4/41      AC:  6    Str: 15    XL:     5   Next: 56%
Magic:  4/4        EV: 11    Int:  8    God:
Gold:   165        SH:  0    Dex: 16    Spells: 4/4 levels left

rFire   . . .      SeeInvis .   a - +0 long sword
rCold   . . .      Faith    .   (no shield)
rNeg    . . .      Spirit   .   m - +0 ring mail
rPois   .          Reflect  .   c - +0 helmet
rElec   .          Harm     .   (no cloak)
rCorr   .          Rampage  .   (no gloves)
Will    +....                   (no boots)
Stlth   +.........              (no amulet)
HPRegen 0.13/turn               (no ring)
MPRegen 0.09/turn               (no ring)

@: hasted, very quick
A: low MP 1, strong-willed 1, robust 1
a: no special abilities


You were on level 3 of the Dungeon.
You visited 1 branch of the dungeon, and saw 3 of its levels.

You collected 165 gold pieces.

Inventory:

Hand Weapons
 a - a +0 long sword (weapon)
Missiles
 d - 3 throwing nets (quivered)
 e - 6 javelins
Armour
 c - a +0 helmet (worn)
 m - a +0 ring mail (worn)
Jewellery
 q - an amulet of magic regeneration
Scrolls
 h - a scroll of blinking {unknown}
 l - 2 scrolls of vulnerability {unknown}
 n - 2 scrolls of teleportation {unknown}
 p - a scroll of poison {unknown}
 r - a scroll of identify
Potions
 b - a potion of attraction {unknown}
 f - a potion of curing
 g - a potion of haste
 i - 2 potions of brilliance
 j - a potion of heal wounds {unknown}
 k - a potion of flight {unknown}
 o - a potion of lignification {unknown}


   Skills:
 - Level 2.0 Fighting
 + Level 5.8 Long Blades
 - Level 2.0 Throwing
 - Level 3.0 Dodging


You had 4 spell levels left.
You didn't know any spells.
Your spell library was empty.

Dungeon Overview and Level Annotations

Branches:
Dungeon (3/15)

Altars:


Innate Abilities, Weirdness & Mutations

Your magical capacity is low. (-10% MP)
You are strong-willed. (Will+)
You are robust. (+10% HP)


Message History

The orc priest calls down the wrath of Beogh upon you.
Beogh smites you! The bat hits you but does no damage.
The bat closely misses you. The goblin attacks as you move away!
The goblin hits you but does no damage. The bat hits you.
You hit the goblin.
The goblin is heavily wounded.
The orc priest mumbles some strange prayers to Beogh against you.
Beogh smites you! The goblin hits you but does no damage.
You are too injured to fight recklessly!
You are too injured to fight recklessly!
You are too injured to fight recklessly!
It was a potion of haste.
You feel yourself speed up. The goblin barely misses you.
The orc priest mumbles some strange prayers to Beogh against you.
Beogh smites you!
* * * LOW HITPOINT WARNING * * *
You feel better. The goblin barely misses you.
The orc priest looks satisfied for a moment.
The orc priest mumbles some strange prayers to Beogh against you.
Beogh smites you!
* * * LOW HITPOINT WARNING * * *
Found a scroll labelled DATTIMOKHL UKIO.
You feel better. The bat hits you but does no damage.
The bat closely misses you. The bat misses you.
You hit the bat.
You kill the bat!
The goblin barely misses you.
You miss the goblin.
The goblin is heavily wounded.
The goblin barely misses you.
You slash the goblin!
You kill the goblin!
The orc warrior misses you. The orc closely misses you.
Things that are here:
a +0 club; a goblin corpse You barely miss the orc priest.
You closely miss the orc priest.
The orc warrior hits you with a +0 long sword!
You die...

#..........#
#.#.#
#.##########
#.>.. . #.# #.#.#
. #.# #.#.# # #.#
########## #.# #
#.# #....?....
..# #.#
##.###########
#.# #.# #...
#.##########@##
#..#
#..........ooo#
#..#
############..#
#..# #.o######..#
#....ob..o.#
##.#####.o..o...≈
#.# ♣.♣###.#.≈
#.# ♣.. .. #.#
..♣♣ ≈


You could see an orc warrior, 2 orc priests and an orc.

Vanquished Creatures
  A hound (D:3)
  An orc priest (D:3)
  2 adders (D:2)
  2 dart slugs
  3 orcs (D:3)
  4 ball pythons
  3 bats
  4 endoplasms
  3 giant cockroaches (D:1)
  5 goblins
  7 hobgoblins
  4 jackals (D:2)
  3 quokkas (D:2)
  7 kobolds
  10 rats
59 creatures vanquished.

Notes
Turn   | Place    | Note
-------+----------+-------------------------------------------
     0 | D:1      | nachturnus the Human Gladiator began the quest for the Orb.
     0 | D:1      | Reached XP level 1. HP: 16/16 MP: 1/1
   238 | D:1      | Reached XP level 2. HP: 22/22 MP: 2/2
   800 | D:1      | Reached XP level 3. HP: 23/27 MP: 3/3
  1107 | D:2      | Reached skill level 4 in Long Blades
  1455 | D:2      | You fall into a shaft and drop 1 floor!
  1674 | D:2      | Reached XP level 4. HP: 31/33 MP: 4/4
  1696 | D:2      | Gained mutation: You sometimes lose your temper in combat.
                  | [potion of mutation]
  1696 | D:2      | Gained mutation: You are partially covered in large bone
                  | plates. (SH +4) [potion of mutation]
  2409 | D:3      | Found a faded altar of an unknown god.
  2523 | D:3      | Reached skill level 5 in Long Blades
  2523 | D:3      | Reached XP level 5. HP: 24/38 MP: 5/5
  2691 | D:3      | Lost mutation: You sometimes lose your temper in combat.
                  | [potion of mutation]
  2691 | D:3      | Lost mutation: You are partially covered in large bone
                  | plates. (SH +4) [potion of mutation]
  2691 | D:3      | Gained mutation: You are partially covered in iridescent
                  | scales. (AC +2) [potion of mutation]
  2691 | D:3      | Gained mutation: You have large cloven feet. [potion of
                  | mutation]
  2691 | D:3      | Gained mutation: You are weak. (Str -2) [potion of
                  | mutation]
  2692 | D:3      | Lost mutation: You are partially covered in iridescent
                  | scales. (AC +2) [potion of mutation]
  2692 | D:3      | Lost mutation: You have large cloven feet. [potion of
                  | mutation]
  2692 | D:3      | Gained mutation: A frigid envelope surrounds you and
                  | freezes all who hurt you. [potion of mutation]
  2692 | D:3      | Gained mutation: Your magical capacity is low. (-10% MP)
                  | [potion of mutation]
  2692 | D:3      | Gained mutation: You have large cloven feet. [potion of
                  | mutation]
  2693 | D:3      | Lost mutation: A frigid envelope surrounds you and freezes
                  | all who hurt you. [potion of mutation]
  2693 | D:3      | Lost mutation: You are weak. (Str -2) [potion of mutation]
  2693 | D:3      | Lost mutation: You have large cloven feet. [potion of
                  | mutation]
  2693 | D:3      | Gained mutation: You are robust. (+10% HP) [potion of
                  | mutation]
  2693 | D:3      | Gained mutation: You are strong-willed. (Will+) [potion of
                  | mutation]
  3165 | D:3      | Noticed an orc warrior
  3177 | D:3      | HP: 1/41 [orc priest/divine providence (8)]
  3194 | D:3      | Slain by an orc warrior

Illustrated notes

Levels and vault maps discovered:
D:1:      co_arrival_random_square_maze, layout_basic, minivault_24,
          minmay_misc_feat_enclosed
D:2:      layout_loops_ring, grunt_ministairs_13
D:3:      layout_basic, general_overflow_altar, serial_forest,
          infiniplex_forest_end_1, infiniplex_forest_end_double,
          infiniplex_forest_fountain, infiniplex_forest_lined_corner,
          infiniplex_forest_lined_room_, infiniplex_forest_clump_long,
          hellmonk_ecumenical_altar_pennies_from_heaven

Skill      XL: |  1  2  3  4 |
---------------+-------------+-----
Long Blades    | 4 5 |  5.8
Fighting       | |  2.0
Throwing       | |  2.0
Dodging        | |  3.0

Action                   |  1- 3 |  4- 6 || total
-------------------------+-------+-------++-------
Melee: Long sword        |   116 |    76 ||   192
       Punch             |     2 |     2 ||     4
  Use: Scroll            |       |     3 ||     3
       Potion            |       |     7 ||     7
Armor: Leather armour    |    19 |       ||    19
       Ring mail         |    27 |    32 ||    59
Dodge: Dodged            |    94 |    52 ||   146
Block: Other             |       |     6 ||     6
